 Dungeon Crawl Stone Soup version 0.25.0-15-gac7dcb8919 (webtiles) character file.

Game seed: 18409370323620094057

1813 Froggeryz the Cruncher (level 8, 0/62 HPs)
             Began as a Minotaur Gladiator on June 28, 2020.
             Was a Priest of Okawaru.
             Slain by a hippogriff (3 damage)
             ... on level 7 of the Dungeon.
             The game lasted 00:04:31 (4921 turns).

Froggeryz the Cruncher (Minotaur Gladiator)         Turns: 4921, Time: 00:04:31

Health: 0/62       AC: 11    Str: 20    XL:     8   Next: 84%
Magic:  7/7        EV: 13    Int:  5    God:    Okawaru [***...]
Gold:   398        SH:  0    Dex: 19    Spells: 7/7 levels left

rFire    . . .     SeeInvis .   a - +0 quarterstaff
rCold    . . .     Gourm    .   (shield currently unavailable)
rNeg     . . .     Faith    .   e - +0 ring mail
rPois    .         Spirit   .   c - +0 hat
rElec    .         Reflect  .   C - +0 cloak
rCorr    .         Harm     .   k - +2 pair of gloves
MR       .....                  (no boots)
Stlth    ..........             (no amulet)
HPRegen  0.20/turn              m - +6 ring of dexterity
MPRegen  0.10/turn              z - ring of attention (curse)

@: brilliant, flying, mesmerised
A: retaliatory headbutt, horns 2
a: Heroism, Renounce Religion


You were on level 7 of the Dungeon.
You worshipped Okawaru.
Okawaru was most pleased with you.
You were not hungry.

You visited 1 branch of the dungeon, and saw 7 of its levels.

You collected 398 gold pieces.

Inventory:

Hand Weapons
 a - a +0 quarterstaff (weapon)
 B - a +5 quarterstaff of chaos
Missiles
 d - 3 throwing nets
 j - 50 poisoned darts (quivered)
 r - 2 curare-tipped darts
Armour
 c - a +0 hat (worn)
 e - a +0 ring mail (worn)
 k - a +2 pair of gloves (worn)
 C - a +0 cloak (worn)
Jewellery
 m - a +6 ring of dexterity (left hand)
 z - a cursed ring of attention (right hand)
Scrolls
 g - a scroll of enchant weapon
 i - 2 scrolls of remove curse {unknown}
 l - 2 scrolls of identify {unknown}
 n - a scroll of enchant armour {unknown}
 s - 3 scrolls of noise {unknown}
 u - a scroll of fear {unknown}
 w - a scroll of blinking {unknown}
 y - 2 scrolls of teleportation {unknown}
Potions
 h - a potion of brilliance
 o - a potion of haste {unknown}
 p - a potion of degeneration {unknown}
 v - a potion of curing
 x - a potion of might {unknown}
 A - a potion of heal wounds {unknown}
Comestibles
 b - 6 chunks of flesh
 f - 14 rations


   Skills:
 - Level 2.4 Fighting
 * Level 11.5 Staves
 - Level 2.0 Throwing
 - Level 7.6 Armour
 - Level 3.2 Dodging
 + Level 0.9 Invocations


You had 7 spell levels left.
You didn't know any spells.
Your spell library was empty.

Dungeon Overview and Level Annotations

Branches:
Dungeon (7/15)             Temple (0/1) D:4

Altars:
Elyvilon
Fedhas
Gozag
Okawaru
Qazlal
Uskayaw
Vehumet
Yredelemnul
The Shining One

Annotations:
D:7 Maggie


Innate Abilities, Weirdness & Mutations

You reflexively headbutt those who attack you in melee.
You have a pair of horns on your head.


Message History

You cannot move away from Maggie!
You cannot move away from Maggie!
It was a potion of flight.
You feel very buoyant.
You fly up into the air.
The hound bites you.
The hippogriff bites you but does no damage.
The hippogriff pecks you. The hippogriff closely misses you.
The hound misses you.
As you read the scroll labeled CIBRAS VIUPP, it crumbles to dust.
It is a scroll of enchant weapon.
Your +4 quarterstaff of chaos glows red for a moment.
The hound barely misses you.
Maggie practices a pose.
Maggie hits you with a +5 scimitar of holy wrath!
* * * LOW HITPOINT WARNING * * *
The hippogriff bites you!
* * * LOW HITPOINT WARNING * * *
The hippogriff pecks you but does no damage.
The hippogriff claws you.
You die...

######### #.#.# . ........#
.#.#.# .# ........###.#.#
.#.
.............#.#.#.#.#.#.#.#
............#.#.#.#.#.#.#.#.
............+#.#.#.#.#.#.#.#
#.....#.#.#.#.#.#.#.#.
#...H.+#.#.#.#.#.#.#.#
#...h@#.#.#.#.#.#.#.#.
####@#.#.#.#.#.#.#.#.#
##.#.#.#.#.#.#.#.#.
#.#.#.#.#.#.#.#.#.#
###################


You could see Maggie (mesmerising), a hippogriff and a hound.

Vanquished Creatures
  A black bear (D:6)
  2 ice beasts
  3 ogres
  4 centaurs
  3 bullfrogs
  2 scorpions (D:6)
  4 howler monkeys
  A jelly (D:7)
  3 hounds
  3 orc wizards
  Crazy Yiuf (D:5)
  2 worker ants (D:5)
  A hound skeleton (D:4)
  A worker ant zombie (D:5)
  A howler monkey skeleton (D:4)
  6 adders
  2 shadow imps
  An ooze (D:3)
  An adder skeleton (D:7)
  2 worms (D:3)
  2 dart slugs
  5 leopard geckos
  24 orcs
  2 ball pythons
  8 bats
  3 giant cockroaches
  8 goblins
  11 hobgoblins
  3 jackals (D:3)
  7 kobolds
  5 quokkas
  12 frilled lizards
  8 rats
142 creatures vanquished.

Notes
Turn   | Place    | Note
-------+----------+-------------------------------------------
     0 | D:1      | Froggeryz the Minotaur Gladiator began the quest for the
                  | Orb.
     0 | D:1      | Reached XP level 1. HP: 18/18 MP: 0/0
    95 | D:1      | Reached skill level 4 in Staves
   174 | D:1      | Found a glowing golden altar of the Shining One.
   226 | D:1      | Reached skill level 1 in Armour
   227 | D:1      | Reached XP level 2. HP: 25/25 MP: 1/1
   628 | D:1      | Reached XP level 3. HP: 30/30 MP: 2/2
   911 | D:2      | Found a basalt altar of Yredelemnul.
   977 | D:2      | Reached skill level 5 in Staves
  1119 | D:2      | Reached XP level 4. HP: 34/37 MP: 3/3
  1440 | D:3      | Reached skill level 6 in Staves
  1565 | D:3      | Reached XP level 5. HP: 42/42 MP: 4/4
  1931 | D:3      | Found an iron altar of Okawaru.
  1943 | D:3      | Became a worshipper of Warmaster Okawaru
  1983 | D:3      | Found a stormy altar of Qazlal.
  2571 | D:4      | Noticed an ogre
  2572 | D:4      | Reached skill level 7 in Staves
  2572 | D:4      | Reached XP level 6. HP: 48/50 MP: 5/5
  2578 | D:4      | Reached * piety under Okawaru
  2919 | D:4      | Found a hide-covered altar of Uskayaw.
  2945 | D:4      | Found a staircase to the Ecumenical Temple.
  3115 | D:5      | Entered Level 5 of the Dungeon
  3127 | D:5      | Reached skill level 8 in Staves
  3130 | D:5      | Reached XP level 7. HP: 52/56 MP: 6/6
  3150 | D:5      | Reached skill level 5 in Armour
  3155 | D:5      | Found a blossoming altar of Fedhas.
  3251 | D:5      | Reached skill level 9 in Staves
  3297 | D:5      | Found a radiant altar of Vehumet.
  3468 | D:5      | Found a runed translucent door.
  3469 | D:5      | Noticed Crazy Yiuf
  3747 | D:5      | Killed Crazy Yiuf
  3747 | D:5      | Reached ** piety under Okawaru
  3832 | D:6      | Found an opulent altar of Gozag.
  3961 | D:6      | Reached XP level 8. HP: 59/62 MP: 7/7
  4220 | D:6      | Reached skill level 10 in Staves
  4320 | D:6      | Found a white marble altar of Elyvilon.
  4657 | D:7      | Reached skill level 11 in Staves
  4683 | D:7      | Reached *** piety under Okawaru
  4893 | D:7      | Noticed Maggie
  4901 | D:7      | Noticed a hippogriff
  4921 | D:7      | HP: 3/62 [hippogriff (10)]
  4921 | D:7      | Slain by a hippogriff

Illustrated notes

Levels and vault maps discovered:
D:1:      co_arrival_random_square_maze, layout_basic, serial_glass,
          glass_columns_a, glass_columns_a, due_unseen_surprise,
          feat_on_display, minmay_strange_pillars, item_on_display_a,
          tso_metal_star
D:2:      minmay_spotlight, layout_basic, lemuel_crystal_altar
D:3:      layout_loops_corners, lemuel_coloured_pillars_altar,
          okawaru_ov_weapons_minmay
D:4:      layout_loops_ring, old_standard_altar, temple_green, first_ration
D:5:      layout_loops_ring, lemuel_crystal_altar, overflow_temple_1_default,
          uniq_crazy_yiuf_cottage
D:6:      layout_basic, grunt_gozag_breadcrumbs, elyvilon_altar_3
D:7:      layout_basic, uniq_maggie

Skill      XL: |  1  2  3  4  5  6  7  8 |
---------------+-------------------------+-----
Staves         | 4 5 6 7 8 9 11 | 11.5
Armour         | 1 2 3 4 6 7 |  7.6
Fighting       | |  2.4
Throwing       | |  2.0
Dodging        | |  3.2
Invocations    | |  0.9

Action                   |  1- 3 |  4- 6 |  7- 9 || total
-------------------------+-------+-------+-------++-------
Melee: Quarterstaff      |   100 |   121 |   133 ||   354
       Headbutt          |    15 |    34 |    23 ||    72
Throw: Dart              |       |     1 |       ||     1
  Use: Potion            |       |       |     4 ||     4
       Scroll            |       |       |     1 ||     1
  Eat: Chunk             |     1 |     6 |     6 ||    13
Armor: Leather armour    |     5 |       |       ||     5
       Ring mail         |    26 |    35 |    55 ||   116
Dodge: Dodged            |    67 |    79 |    92 ||   238
